 Dungeon Crawl Stone Soup version 0.19-a0-1019-g9c6a58d (webtiles) character file.

11 ololoev the Chopper (level 2, 25/26 HPs)
             Began as a Hill Orc Berserker on July 25, 2016.
             Was a Follower of Trog.
             Quit the game on level 3 of the Dungeon.
             The game lasted 00:01:29 (266 turns).

ololoev the Chopper (Hill Orc Berserker)             Turns: 266, Time: 00:01:30

Health: 25/26      AC:  5    Str: 19    XL:     2   Next: 29%
Magic:  2/2        EV: 11    Int:  7    God:    Trog [*.....]
Gold:   70         SH:  0    Dex: 10    Spells: 0 memorised, 1 level left

rFire  . . .     SeeInvis .     b - -1 hand axe (curse)
rCold  . . .     Gourm    .     j - +0 ring mail
rNeg   . . .     Faith    .     (no shield)
rPois  .         Spirit   .     (no helmet)
rElec  .         Dismiss  .     (no cloak)
rCorr  .         Reflect  .     (no gloves)
SustAt .         Harm     .     (no boots)
MR     .....                    (no amulet)
Stlth  ..........               (no ring)
                                (no ring)

@: about to teleport, not resistant to hostile enchantments, extremely
unstealthy
A: no striking features
a: Berserk, Burn Spellbooks, Renounce Religion

Inventory:

Hand Weapons
 a - a +0 hand axe
 b - a cursed -1 hand axe (weapon)
Armour
 j - a +0 ring mail (worn)
Scrolls
 d - a scroll of amnesia
Potions
 f - a potion of resistance {unknown}
 i - a potion of invisibility {unknown}
Comestibles
 c - a bread ration
 h - 2 fruits


   Skills:
 - Level 3.6 Fighting
 * Level 4.5 Axes
 + Level 2.6 Armour
 - Level 1.5 Dodging


You had one spell level left.
You didn't know any spells.


You were on level 3 of the Dungeon.
You worshipped Trog.
Trog was aware of your devotion.
You were not hungry.

You visited 1 branch of the dungeon, and saw 3 of its levels.

You collected 70 gold pieces.

##### ## #....# #.#
#.# #.## ##.# #.#
#.###.# # #.#
##..#..##
##.###.###.......#####
#...........###[......
#..#.@..##.## ##.#.###
..<..........# #...#
.....#....##.# ##.###
###. ##.#.###.###..# #
###!# #.....# #.#
####..# #.# #..# #..#
#.)#

Notes
Turn   | Place    | Note
-------+----------+-------------------------------------------
     0 | D:1      | ololoev the Hill Orc Berserker began the quest for the Orb.
     0 | D:1      | Reached XP level 1. HP: 19/19 MP: 1/1
   129 | D:2      | Reached XP level 2. HP: 18/26 MP: 2/2
   266 | D:3      | Quit the game

Dungeon Overview and Level Annotations

Branches:
Dungeon (3/15)

Altars:


Message History

The worm is severely wounded.
The worm closely misses you.
You hit the worm.
The worm is almost dead.
The worm bites you.
You hit the worm.
You kill the worm!
Trog accepts your kill.
You have reached level 2!
f - a bubbling yellow potion
Found 16 gold pieces.
g - a scroll labeled ZESABU RUIKUBB You now have 63 gold pieces (gained 16).
Found 7 gold pieces.
A quokka comes into view.
You see here 7 gold pieces.
You see here 7 gold pieces.
You now have 70 gold pieces (gained 7).
The quokka bites you.
You hit the quokka.
The quokka is heavily wounded.
The quokka closely misses you. x2
You hit the quokka.
You kill the quokka!
Trog accepts your kill.
You see here a quokka corpse.
Found 2 fruits.
h - 2 fruits
Found a murky cyan potion.
i - a murky cyan potion
Found a robe.
Found a stone staircase leading down.
A giant newt comes into view.
Found a stone staircase leading up.
The giant newt hisses angrily.
You slash the giant newt!
You kill the giant newt!
Trog accepts your kill.
A worm comes into view.
You see here a giant newt corpse.
Found 7 gold pieces.
There is a stone staircase leading down here.
You climb downwards.
You hear the sound of rushing water.
There is an entrance to a sewer on this level.
Hurry and find it before the portal rusts away!
Found a scroll labeled TEYN ZADWULOTA.
There is a stone staircase leading up here.
d - 2 scrolls labeled TEYN ZADWULOTA (gained 1)
Found a trident.
Found a ring mail.
You see here a ring mail.
Found a glowing hand axe.
You see here a ring mail.
j - a ring mail Wear which item? (? for menu, Esc to quit)
You start removing your armour.
You continue taking off your +0 animal skin. x4
You finish taking off your +0 animal skin.
You start putting on your armour.
You continue putting on your ring mail. x4
You hear the slow rusting of a distant drain.
You continue putting on your ring mail.
You finish putting on your +0 ring mail.
Drop what? 10/52 slots (_ for help) (? for menu, Esc to quit)
You drop a +0 animal skin.
Found a fizzy blue potion.
Found a stone staircase leading up.
You see here a glowing hand axe.
b - a glowing hand axe Wield which item (- for none, * to show all)? (? for menu, Esc to quit)
It sticks to your hand!
b - a cursed -1 hand axe (weapon)
As you read the scroll labeled TEYN ZADWULOTA, it crumbles to dust.
It is a scroll of amnesia.
You feel forgetful for a moment.
As you read the scroll labeled NIFICU ISUAMNO, it crumbles to dust.
You feel strangely unstable.
It was a scroll of teleportation.
Unknown command.
As you read the scroll labeled ZESABU RUIKUBB, it crumbles to dust.
You assume a fearsome visage.
Nothing appears to happen.
It was a scroll of fear.
Are you sure you want to abandon this character and quit the game? (Confirm with "yes".)

There were no monsters in sight!

Vanquished Creatures
  A worm (D:2)
  4 jackals (D:1)
  A quokka (D:2)
  A giant newt (D:2)
  A rat (D:1)
8 creatures vanquished.

Action                   || total
-------------------------++-------
Melee: Hand axe          ||    16
Invok: Berserk           ||     1
  Use: Scroll            ||     3
Armor: Animal skin       ||     1
Dodge: Dodged            ||    11

Vault maps used:
D:1:      dpeg_arrival_round_b
D:2:      first_bread, lemuel_blue_sif_altar
D:3:      gammafunk_temple_overflow_wave, portal_sewer_entry_d
